| TOP OF THE 1ST |
|
Roswell Invaders batting - Pitching for Palm Beach Nationals : RHP Jimmy Purscell
|
|
Pitching: RHP Jimmy Purscell
|
|
|
Batting: RHB Hector Tabares
|
0-0: Foul Ball, location: 2F 0-1: Swinging Strike 0-2: Ball 1-2: Strikes out swinging
|
|
Batting: LHB Danny Salas
|
0-0: Ball 1-0: Called Strike 1-1: Swinging Strike 1-2: Strikes out looking
|
|
Batting: LHB Nelson Pelico
|
0-0: Foul Ball, location: 2F 0-1: Ball 1-1: Ball 2-1: Foul Ball, location: 2F 2-2: Ball 3-2: Strikes out swinging
|
| Top of the 1st over - 0 runs, 0 hits, 0 errors, 0 left on base; Roswell 0 - Palm Beach 0 |
| BOTTOM OF THE 1ST |
|
Palm Beach Nationals batting - Pitching for Roswell Invaders : RHP Joe Mulholland
|
|
Pitching: RHP Joe Mulholland
|
|
|
Batting: LHB Chris Williams
|
0-0: Ball 1-0: Called Strike 1-1: Bunted foul 1-2: Foul Ball, location: 2F 1-2: Ball 2-2: Ground out 1-3 (Groundball, 13, EV 73.8 MPH)
|
|
Batting: RHB Taffounnout Kame
|
0-0: Foul Ball, location: 2F 0-1: Foul Ball, location: 2F 0-2: Ball 1-2: Foul Ball, location: 2F 1-2: Foul Ball, location: 2F 1-2: Ball 2-2: Strikes out looking
|
|
Batting: RHB Er Le
|
0-0: Ball 1-0: Foul Ball, location: 2F 1-1: Ball 2-1: Ball 3-1: Base on Balls
|
|
Batting: RHB Lamar Thornton
|
0-0: Swinging Strike 0-1: Ball 1-1: Swinging Strike 1-2: SINGLE (Groundball, 25, EV 68.1 MPH) (infield hit) Er Le to second
|
|
Batting: RHB Steve Kunselman
|
0-0: Fielders Choice at 2nd, 6-4 (Groundball, 6, EV 86.9 MPH)
|
| Bottom of the 1st over - 0 runs, 1 hit, 0 errors, 2 left on base; Roswell 0 - Palm Beach 0 |
| TOP OF THE 2ND |
|
Roswell Invaders batting - Pitching for Palm Beach Nationals : RHP Jimmy Purscell
|
|
Batting: RHB Cesar Rendon
|
0-0: Fly out, F9 (Flyball, 89D, EV 104.4 MPH)
|
|
Batting: RHB Jimmy McIntosh
|
0-0: Called Strike 0-1: Ball 1-1: Called Strike 1-2: Strikes out swinging
|
|
Batting: LHB Falco van Koeveringe
|
0-0: Ball 1-0: Ball 2-0: Foul Ball, location: 2F 2-1: Called Strike 2-2: Ball 3-2: Base on Balls
|
|
Batting: LHB Angelo Lira
|
0-0: Foul Ball, location: 2F 0-1: Ball 1-1: Ball 2-1: Ground out U3 (Groundball, 3, EV 85.0 MPH)
|
| Top of the 2nd over - 0 runs, 0 hits, 0 errors, 1 left on base; Roswell 0 - Palm Beach 0 |
| BOTTOM OF THE 2ND |
|
Palm Beach Nationals batting - Pitching for Roswell Invaders : RHP Joe Mulholland
|
|
Batting: SHB John Husson
|
0-0: Ball 1-0: SOLO HOME RUN (Flyball, 9LD, EV 95.0 MPH), Distance : 359 ft
|
|
Batting: RHB Kenny Ball
|
0-0: Called Strike 0-1: Called Strike 0-2: Foul Ball, location: 2F 0-2: Ball 1-2: Ball 2-2: Strikes out swinging
|
|
Batting: RHB Joe Simmelink
|
0-0: Called Strike 0-1: Ground out 5-3 (Groundball, 56S, EV 87.5 MPH)
|
|
Batting: RHB Akira Ishihara
|
0-0: Ball 1-0: Called Strike 1-1: Ball 2-1: Ball 3-1: Called Strike 3-2: Strikes out looking
|
| Bottom of the 2nd over - 1 run, 1 hit, 0 errors, 0 left on base; Roswell 0 - Palm Beach 1 |
| TOP OF THE 3RD |
|
Roswell Invaders batting - Pitching for Palm Beach Nationals : RHP Jimmy Purscell
|
|
Batting: RHB Isaiah Hampton
|
0-0: Called Strike 0-1: SINGLE (Groundball, 56D, EV 100.0 MPH)
|
|
Batting: RHB Devon House
|
0-0: Called Strike 0-1: Ball 1-1: Foul Ball, location: 2F 1-2: Ball 2-2: Ball Wild Pitch! Isaiah Hampton to second 3-2: Foul Ball, location: 2F 3-2: Ground out 6-3 (Groundball, 6, EV 80.6 MPH) Isaiah Hampton to third
|
|
Batting: RHB Hector Tabares
|
0-0: Called Strike 0-1: Ground out 6-3 (Groundball, 6, EV 82.5 MPH) Isaiah Hampton scores
|
|
Batting: LHB Danny Salas
|
0-0: Called Strike 0-1: Swinging Strike 0-2: Ball 1-2: Strikes out swinging
|
| Top of the 3rd over - 1 run, 1 hit, 0 errors, 0 left on base; Roswell 1 - Palm Beach 1 |
| BOTTOM OF THE 3RD |
|
Palm Beach Nationals batting - Pitching for Roswell Invaders : RHP Joe Mulholland
|
|
Batting: LHB Chris Williams
|
0-0: Called Strike 0-1: Ball 1-1: Ball 2-1: Ball 3-1: Swinging Strike 3-2: Strikes out swinging
|
|
Batting: RHB Taffounnout Kame
|
0-0: Swinging Strike 0-1: Ball 1-1: Swinging Strike 1-2: Foul Ball, location: 2F 1-2: Ball 2-2: Strikes out looking
|
|
Pitching: RHP Toshihiro Nagao
|
|
|
Batting: RHB Er Le
|
0-0: Called Strike 0-1: Ground out 6-3 (Groundball, 56, EV 86.9 MPH)
|
| Bottom of the 3rd over - 0 runs, 0 hits, 0 errors, 0 left on base; Roswell 1 - Palm Beach 1 |
| TOP OF THE 4TH |
|
Roswell Invaders batting - Pitching for Palm Beach Nationals : RHP Jimmy Purscell
|
|
Batting: LHB Nelson Pelico
|
0-0: Called Strike 0-1: Called Strike 0-2: Ball 1-2: Ball 2-2: Ground out U3 (Groundball, 3, EV 85.0 MPH)
|
|
Batting: RHB Cesar Rendon
|
0-0: Fly out, F8 (Line Drive, 8LM, EV 91.9 MPH)
|
|
Batting: RHB Jimmy McIntosh
|
0-0: Ball 1-0: Foul Ball, location: 2F 1-1: Foul Ball, location: 2F 1-2: Strikes out swinging
|
| Top of the 4th over - 0 runs, 0 hits, 0 errors, 0 left on base; Roswell 1 - Palm Beach 1 |
| BOTTOM OF THE 4TH |
|
Palm Beach Nationals batting - Pitching for Roswell Invaders : RHP Toshihiro Nagao
|
|
Batting: RHB Lamar Thornton
|
0-0: Ball 1-0: Called Strike 1-1: Swinging Strike 1-2: Ball 2-2: Ground out 5-3 (Groundball, 56S, EV 88.8 MPH)
|
|
Batting: RHB Steve Kunselman
|
0-0: Ball 1-0: Ball 2-0: Called Strike 2-1: Ball 3-1: Base on Balls
|
|
Batting: SHB John Husson
|
0-0: Ball 1-0: Foul Ball, location: 2F 1-1: Ball 2-1: Ball 3-1: Swinging Strike 3-2: Foul Ball, location: 2F 3-2: Fly out, F8 (Flyball, 8LD, EV 83.1 MPH)
|
|
Pitching: RHP Sergio Reyes
|
|
|
Batting: RHB Kenny Ball
|
0-0: Ball 1-0: Foul Ball, location: 2F 1-1: Called Strike 1-2: Ball 2-2: Fly out, F9 (Flyball, 9D, EV 97.5 MPH)
|
| Bottom of the 4th over - 0 runs, 0 hits, 0 errors, 1 left on base; Roswell 1 - Palm Beach 1 |
| TOP OF THE 5TH |
|
Roswell Invaders batting - Pitching for Palm Beach Nationals : RHP Jimmy Purscell
|
|
Batting: LHB Falco van Koeveringe
|
0-0: Called Strike 0-1: Swinging Strike 0-2: Strikes out swinging
|
|
Batting: LHB Angelo Lira
|
0-0: Reached on error, E6 (Groundball, 6, EV 93.1 MPH)
|
|
Batting: RHB Isaiah Hampton
|
0-0: Foul Ball, location: 2F 0-1: Fly out, F8 (Flyball, 8LD, EV 93.8 MPH)
|
|
Batting: RHB Devon House
|
0-0: Ball 1-0: Called Strike 1-1: Swinging Strike 1-2: Fly out, F8 (Flyball, 89D, EV 96.2 MPH)
|
| Top of the 5th over - 0 runs, 0 hits, 1 error, 1 left on base; Roswell 1 - Palm Beach 1 |
| BOTTOM OF THE 5TH |
|
Palm Beach Nationals batting - Pitching for Roswell Invaders : RHP Sergio Reyes
|
|
Batting: RHB Joe Simmelink
|
0-0: Ball 1-0: Called Strike 1-1: Ground out 6-3 (Groundball, 6, EV 87.5 MPH)
|
|
Batting: RHB Akira Ishihara
|
0-0: Ball 1-0: Ball 2-0: Called Strike 2-1: Swinging Strike 2-2: Strikes out looking
|
|
Batting: LHB Chris Williams
|
0-0: Called Strike 0-1: Ball 1-1: Ball 2-1: SINGLE (Groundball, 5D, EV 110.0 MPH)
|
|
Batting: RHB Taffounnout Kame
|
0-0: Called Strike Chris Williams is caught stealing 2nd base 2-4
|
| Bottom of the 5th over - 0 runs, 1 hit, 0 errors, 0 left on base; Roswell 1 - Palm Beach 1 |
| TOP OF THE 6TH |
|
Roswell Invaders batting - Pitching for Palm Beach Nationals : RHP Jimmy Purscell
|
|
Batting: RHB Hector Tabares
|
0-0: Swinging Strike 0-1: Swinging Strike 0-2: Ball 1-2: Fly out, F8 (Flyball, 8RS, EV 93.8 MPH)
|
|
Batting: LHB Danny Salas
|
0-0: Ball 1-0: Ball 2-0: SOLO HOME RUN (Flyball, 7LD, EV 95.0 MPH), Distance : 361 ft
|
|
Batting: LHB Nelson Pelico
|
0-0: Called Strike 0-1: Ground out U3 (Groundball, 3, EV 82.5 MPH)
|
|
Batting: RHB Cesar Rendon
|
0-0: Ball 1-0: Ball 2-0: Ball 3-0: Base on Balls
|
|
Batting: RHB Jimmy McIntosh
|
0-0: Ball 1-0: Foul Ball, location: 2F 1-1: Foul Ball, location: 2F 1-2: Ball 2-2: Strikes out swinging
|
| Top of the 6th over - 1 run, 1 hit, 0 errors, 1 left on base; Roswell 2 - Palm Beach 1 |
| BOTTOM OF THE 6TH |
|
Palm Beach Nationals batting - Pitching for Roswell Invaders : RHP Sergio Reyes
|
|
Pitching: LHP Bobby Manning
|
|
|
Batting: RHB Taffounnout Kame
|
0-0: Fly out, F9 (Flyball, 9, EV 85.6 MPH)
|
|
Batting: RHB Er Le
|
0-0: Ball 1-0: Ball 2-0: TRIPLE (Flyball, 9LD, EV 101.2 MPH)
|
|
Batting: RHB Lamar Thornton
|
0-0: Ground out U3 (Groundball, 34, EV 81.2 MPH)
|
|
Batting: RHB Steve Kunselman
|
0-0: Ball 1-0: Foul Ball, location: 2F 1-1: Called Strike 1-2: Ball 2-2: Ball 3-2: Base on Balls
|
|
Batting: SHB John Husson
|
0-0: Called Strike 0-1: Ball 1-1: Ball 2-1: DOUBLE (Flyball, 89D, EV 101.2 MPH) Er Le scores Steve Kunselman to third Runner from 3rd tries for Home, throw by CF and OUT! 8-4-2
|
| Bottom of the 6th over - 1 run, 2 hits, 0 errors, 1 left on base; Roswell 2 - Palm Beach 2 |
| TOP OF THE 7TH |
|
Roswell Invaders batting - Pitching for Palm Beach Nationals : RHP Jimmy Purscell
|
|
Batting: LHB Falco van Koeveringe
|
0-0: Called Strike 0-1: Swinging Strike 0-2: Ball 1-2: Strikes out swinging
|
|
Batting: LHB Angelo Lira
|
0-0: Ball 1-0: Called Strike 1-1: Swinging Strike 1-2: Strikes out swinging
|
|
Batting: RHB Isaiah Hampton
|
0-0: Swinging Strike 0-1: Foul Ball, location: 2F 0-2: Strikes out looking
|
| Top of the 7th over - 0 runs, 0 hits, 0 errors, 0 left on base; Roswell 2 - Palm Beach 2 |
| BOTTOM OF THE 7TH |
|
Palm Beach Nationals batting - Pitching for Roswell Invaders : LHP Bobby Manning
|
|
Pitching: RHP Jon Trujillo
|
|
|
Pinch Hitting: RHB Aaron Bateman
|
0-0: Called Strike 0-1: Ball 1-1: Ball 2-1: Foul Ball, location: 2F 2-2: Ball 3-2: Ground out 6-3 (Groundball, 6, EV 78.8 MPH)
|
|
Pinch Hitting: RHB Chad Madsen
|
0-0: Called Strike 0-1: Ball 1-1: Ball 2-1: Fly out, F9 (Flyball, 89M, EV 78.8 MPH)
|
|
Batting: RHB Akira Ishihara
|
0-0: Called Strike 0-1: Foul Ball, location: 2F 0-2: Strikes out swinging
|
| Bottom of the 7th over - 0 runs, 0 hits, 0 errors, 0 left on base; Roswell 2 - Palm Beach 2 |
| TOP OF THE 8TH |
|
Roswell Invaders batting - Pitching for Palm Beach Nationals : RHP Jimmy Purscell
|
|
Now at 1B: Vasag Semerjian
|
|
|
Now at 2B: Aaron Bateman
|
|
|
Now at 3B: Taffounnout Kame
|
|
|
Pinch Hitting: RHB John Ricketts
|
0-0: Ball 1-0: Fly out, F9 (Flyball, 9S, EV 85.6 MPH)
|
|
Batting: RHB Hector Tabares
|
0-0: Called Strike 0-1: Fly out, F8 (Flyball, 89M, EV 79.4 MPH)
|
|
Batting: LHB Danny Salas
|
0-0: Called Strike 0-1: DOUBLE (Line Drive, 7LM, EV 101.2 MPH)
|
|
Batting: LHB Nelson Pelico
|
0-0: Foul Ball, location: 2F 0-1: SINGLE (Flyball, 89S, EV 93.1 MPH) Danny Salas to third Runner from 3rd tries for Home, SAFE, throw by RF to home
|
|
Batting: RHB Cesar Rendon
|
0-0: Fielders Choice at 2nd, 6-4 (Groundball, 6, EV 90.6 MPH)
|
| Top of the 8th over - 1 run, 2 hits, 0 errors, 1 left on base; Roswell 3 - Palm Beach 2 |
| BOTTOM OF THE 8TH |
|
Palm Beach Nationals batting - Pitching for Roswell Invaders : RHP Jon Trujillo
|
|
Pitching: RHP Sam Lewis
|
|
|
Now at 3B: Carlos Gonzalez
|
|
|
Batting: LHB Chris Williams
|
0-0: Foul Ball, location: 2F 0-1: Swinging Strike 0-2: Strikes out swinging
|
|
Batting: RHB Taffounnout Kame
|
0-0: SINGLE (Groundball, 6MD, EV 98.8 MPH)
|
|
Batting: RHB Er Le
|
0-0: Ball 1-0: Swinging Strike 1-1: Ball 2-1: Swinging Strike 2-2: Foul Ball, location: 2F 2-2: SINGLE (Groundball, P, EV 75.6 MPH) (infield hit) Taffounnout Kame to second
|
|
Batting: RHB Lamar Thornton
|
0-0: Ball 1-0: Swinging Strike 1-1: Foul Ball, location: 2F 1-2: Ball 2-2: DOUBLE (Line Drive, 9LM, EV 99.4 MPH) Taffounnout Kame scores Er Le to third
|
|
Batting: RHB Steve Kunselman
|
0-0: Intentional Walk
|
|
Pinch Hitting: LHB Mike Hamilton
|
0-0: Ball Wild Pitch! Er Le scores Lamar Thornton to third Steve Kunselman to second 1-0: Intentional Walk
|
|
Batting: RHB Aaron Bateman
|
0-0: Ball 1-0: Called Strike 1-1: Ball 2-1: Called Strike 2-2: Ball 3-2: Base on Balls Lamar Thornton scores Steve Kunselman to third Mike Hamilton to second
|
|
Pitching: LHP Sam Davis
|
|
|
Batting: RHB Vasag Semerjian
|
0-0: Ball Wild Pitch! Steve Kunselman scores Mike Hamilton to third Aaron Bateman to second 1-0: Foul Ball, location: 2F 1-1: Foul Ball, location: 2F 1-2: Ball 2-2: Ground out 6-3 (Groundball, 56, EV 88.8 MPH) Mike Hamilton scores
|
|
Batting: RHB Akira Ishihara
|
0-0: Called Strike 0-1: Fly out, F7 (Line Drive, 7, EV 92.5 MPH)
|
| Bottom of the 8th over - 5 runs, 3 hits, 0 errors, 1 left on base; Roswell 3 - Palm Beach 7 |
| TOP OF THE 9TH |
|
Roswell Invaders batting - Pitching for Palm Beach Nationals : RHP Jimmy Purscell
|
|
Now at C: Kiyonaga Nakamura
|
|
|
Batting: RHB Jimmy McIntosh
|
0-0: Ball 1-0: Ball 2-0: Fly out, F7 (Flyball, 78M, EV 89.4 MPH)
|
|
Batting: LHB Falco van Koeveringe
|
0-0: Ball 1-0: Called Strike 1-1: Called Strike 1-2: SINGLE (Flyball, 3D, EV 90.6 MPH)
|
|
Pitching: RHP Ken Yeadon
|
|
|
Pinch Hitting: RHB David Powell
|
0-0: DOUBLE (Line Drive, 9LM, EV 113.8 MPH) Falco van Koeveringe to third
|
|
Batting: RHB Isaiah Hampton
|
0-0: Ground out 3-1 (Groundball, 13, EV 79.4 MPH) Falco van Koeveringe scores David Powell to third
|
|
Pinch Hitting: RHB Jose Cuellar
|
0-0: Ball 1-0: Foul Ball, location: 2F 1-1: Ball 2-1: Foul Ball, location: 2F 2-2: Ball 3-2: Fly out, F7 (Flyball, 7D, EV 108.1 MPH)
|
| Top of the 9th over - 1 run, 2 hits, 0 errors, 1 left on base; Roswell 4 - Palm Beach 7 |
|